 Dungeon Sprint DCSS version 0.22-a0-392-g5dc3fd9af9 (webtiles) character file.

6 Cashmere the Slasher (level 1, -1/28 HPs)
             Began as a Centaur Berserker on May 1, 2018.
             Was a Believer of Trog.
             Slain by a centaur (8 damage)
             ... in the Dungeon (Sprint IX: "|||||||||||||||||||||||||||||").
             The game lasted 00:00:04 (24 turns).

Cashmere the Slasher (Centaur Berserker)              Turns: 24, Time: 00:00:05

Health: -1/28      AC:  4    Str: 24    XL:     1   Next: 75%
Magic:  1/1        EV:  9    Int:  6    God:    Trog [**....]
Gold:   0          SH:  0    Dex:  8    Spells: 0/0 levels left

rFire    . . .     SeeInvis .   a - +0 falchion
rCold    . . .     Gourm    .   (no shield)
rNeg     . . .     Faith    .   b - +0 animal skin
rPois    .         Spirit   .   (no helmet)
rElec    .         Reflect  .   (no cloak)
rCorr    .         Harm     .   (no gloves)
MR       .....     NoTele   +   (no barding)
Stlth    ..........             (no amulet)
HPRegen  0.09/turn              (no ring)
MPRegen  0.07/turn              (no ring)

@: berserking, very quick
A: large, hooves 3, deformed body, speed 2, tough skin 3
a: Berserk, Trog's Hand, Renounce Religion


You were in the Dungeon.
You worshipped Trog.
Trog was pleased with you.
You were not hungry.

You visited 1 branch

Inventory:

Hand Weapons
 a - a +0 falchion (weapon)
Armour
 b - a +0 animal skin (worn)
Scrolls
 i - a scroll of blinking
Potions
 d - a potion of curing
 e - a potion of heal wounds
 f - a potion of haste
 g - 2 potions of magic
 h - a potion of berserk rage
Comestibles
 c - a ration


   Skills:
 - Level 3.0 Fighting
 + Level 4.3 Long Blades
 - Level 1.3 Armour
 - Level 1.3 Dodging


You couldn't memorise any spells.
You didn't know any spells.

Dungeon Overview and Level Annotations

Branches:
Dungeon (1/1)

Altars:


Innate Abilities, Weirdness & Mutations

You have hooves in place of feet.
Armour fits poorly on your strangely shaped body.
You cover ground very quickly.
You have extremely tough skin. (AC +3)


Message History

No target in view!
No target in view!
No target in view!
You start resting.
HP restored.
There is an open door to the Dungeon, spattered with blood here.
Items here: ) ††† a club; a giant cockroach corpse; a bat corpse x2
As you open the door, it creaks loudly!
A leopard gecko, an ooze, an orc, a centaur and a crimson imp come into view.
The leopard gecko hisses angrily.
The crimson imp shouts!
The centaur shouts!
The centaur wields a shortbow.
The centaur shoots an arrow.
The arrow hits you!
Ouch! That really hurt!
* * * LOW HITPOINT WARNING * * *
A red film seems to cover your vision as you go berserk!
You feel yourself moving faster!
You feel mighty!
You feel a lot more hungry.
The crimson imp blinks!
The centaur unwields an uncursed shortbow.
The centaur hits you!
You die...

▓+▓
▓l▓
▓o▓
▓§▓
▓.▓
▓J▓
▓c▓
▓@▓
▓.▓
▓5▓
▓.▓
▓.▓
▓)▓
▓.▓
▓.▓
▓.▓


You could see a centaur, a crimson imp, an ooze, an orc and a leopard gecko.

Vanquished Creatures
  2 bats (D)
  A giant cockroach (D)
  2 hobgoblins (D)
5 creatures vanquished.

Notes
Turn   | Place    | Note
-------+----------+-------------------------------------------
     0 | D        | Cashmere the Centaur Berserker began the quest for the Orb.
     0 | D        | Reached XP level 1. HP: 19/19 MP: 1/1
     4 | D        | Reached skill level 3 in Long Blades
     6 | D        | Reached ** piety under Trog
     6 | D        | Reached skill level 4 in Long Blades
    23 | D        | Noticed a crimson imp
    23 | D        | Noticed a centaur
    24 | D        | Slain by a centaur

Vault maps used:
D:        linesprint

Skill      XL: |  1 |
---------------+----+-----
Long Blades    | 4 |  4.3
Fighting       | |  3.0
Armour         | |  1.3
Dodging        | |  1.3

Action                   || total
-------------------------++-------
Melee: Falchion          ||     9
       Kick              ||     1
Invok: Berserk           ||     1
Armor: Animal skin       ||     6
Dodge: Dodged            ||     3
       Rpst.: Falchion   ||     2

Table legend:
 A = Spawn XP
 B = Non-spawn XP
 C = Spawn XP percentage of total XP
 D = Spawn monster count
 E = Non-spawn monster count
 F = Spawn count percentage of total count
 G = Total turns spent on level
                    A         B        C        D         E        F      G
               +---------+---------+-------+---------+---------+-------+---------
         Total |       0 |       9 |   0.0 |       0 |       5 |   0.0 |    24
               +---------+---------+-------+---------+---------+-------+---------
             D |       0 |       9 |   0.0 |       0 |       5 |   0.0 |    24
               +---------+---------+-------+---------+---------+-------+---------
